Map: Chantier naval orbital

Players

ribeiramanda

  • Race: Zerg Zerg
  • League: Diamond

SnOw - Winner!

  • Race: Protoss Protoss
  • League: Diamond

VOD

https://youtu.be/aOP5EPccuwQ

Description

Time

  • Played on: Dec. 7, 2015, 9:10 a.m.
  • Length: 12:13
Show
View Real Time Build Order
Export as new Build Order

ribeiramanda Zerg 

Build Orders: Hatch First 

Get SALT Encoding   

  12  0:02  Drone  
  13  0:14  Overlord  
  13  0:24  Drone  
  14  0:35  Drone x2  
  16  0:38  Drone  
  17  0:56  Hatchery  
  16  1:04  Drone  
  17  1:11  Spawning Pool  
  17  1:14  Drone  
  17  1:18  Drone  
  19  1:25  Drone  
  19  1:31  Drone  
  20  1:40  Overlord  
  20  1:58  Hatchery  
  19  2:09  Queen  
  19  2:10  Extractor  
  19  2:12  Drone x3  
  23  2:23  Drone  
  23  2:24  Drone x2  
  26  2:33  Queen  
  28  2:49  Drone x4  
  32  2:58  Drone x2  
  34  3:08  Evolution Chamber  
  34  3:12  Queen  
  34  3:22  Zergling x4  
  34  3:23  Zergling x12  
  34  3:26  Metabolic Boost  
  40  4:03  Lair  
  40  4:04  Drone x2  
  40  4:06  Overlord x3  
  42  4:23  Extractor  
  42  4:24  Drone x3  
  42  4:26  Drone x5  
  42  4:27  Drone  
  51  4:47  Zerg Missile Weapons Level 1  
  51  4:49  Roach Warren  
  46  5:01  Zergling x14  
  46  5:02  Zergling x6  
  56  5:08  Extractor  
  56  5:11  Extractor  
  56  5:12  Evolution Chamber  
  46  5:48  Drone x7  
  46  5:49  Drone x3  
  55  5:59  Spore Crawler  
  55  6:02  Spore Crawler  
  51  6:08  Spore Crawler  
  50  6:14  Hydralisk Den  
  50  6:16  Evolution Chamber  
  50  6:18  Drone x6  
  52  6:19  Drone x3  
  52  6:21  Extractor  
  52  6:23  Extractor  
  47  6:48  Drone  
  47  6:49  Drone x11  
  57  6:57  Queen  
  57  7:03  Zergling x2  
  58  7:13  Spine Crawler  
  57  7:20  Zergling x2  
  57  7:21  Overlord x2  
  57  7:22  Overlord x6  
  58  7:23  Overlord  
  58  7:28  Zerg Missile Weapons Level 2, Spine Crawler  
  57  7:30  Extractor, Spine Crawler x2  
  57  7:31  Zerg Ground Armor Level 1  
  58  7:48  Drone x3  
  58  7:49  Drone x3  
  62  7:57  Muscular Augments  
  60  7:59  Drone x3  
  63  8:08  Glial Reconstitution  
  63  8:11  Zergling x12  
  69  8:14  Queen  
  69  8:16  Hatchery  
  70  8:50  Hydralisk  
  70  8:51  Hydralisk x11  
  94  9:12  Drone x5  
  97  9:32  Roach  
  97  9:33  Roach x9  
  117  9:44  Zerg Ground Armor Level 2, Hatchery  
  116  9:57  Roach  
  116  9:58  Roach x9  
  136  10:16  Infestation Pit  
  136  10:20  Overlord x12  
  136  10:21  Overlord x2  
  135  10:32  Hatchery  
  128  10:52  Hatchery  
  127  11:07  Hydralisk  
  127  11:08  Hydralisk x9  
  147  11:24  Roach x6  
  159  11:29  Ravager  
  159  11:30  Ravager x5  
  159  11:31  Ravager  
Show
View Real Time Build Order
Export as new Build Order

SnOw Protoss - Winner!

Build Orders: 1 Gate Expand 

Get SALT Encoding   

  12  0:02  Probe (Chrono Boost)  
  13  0:13  Probe (Chrono Boost)  
  14  0:23  Probe (Chrono Boost)  
  14  0:24  Pylon  
  15  0:42  Probe (Chrono Boost)  
  16  0:47  Gateway  
  16  0:51  Assimilator  
  16  0:53  Probe (Chrono Boost)  
  17  1:03  Probe (Chrono Boost)  
  18  1:14  Probe (Chrono Boost)  
  19  1:20  Nexus  
  19  1:24  Probe (Chrono Boost)  
  20  1:35  Cybernetics Core  
  20  1:39  Probe (Chrono Boost)  
  21  1:44  Assimilator  
  21  1:50  Probe (Chrono Boost)  
  21  1:52  Pylon  
  22  2:00  Probe (Chrono Boost)  
  23  2:11  Adept (Chrono Boost)  
  23  2:14  Mothership Core (Chrono Boost)  
  27  2:29  Warp Gate  
  27  2:31  Probe  
  27  2:32  Probe  
  29  2:37  Adept (Chrono Boost)  
  29  2:42  Probe  
  32  2:45  Probe  
  33  2:51  Robotics Facility  
  33  2:52  Probe  
  33  2:54  Assimilator  
  33  2:57  Probe  
  35  3:03  Probe (Chrono Boost)  
  35  3:04  Adept (Chrono Boost)  
  38  3:09  Probe (Chrono Boost)  
  39  3:17  Probe (Chrono Boost)  
  40  3:20  Probe (Chrono Boost)  
  40  3:26  Adept  
  41  3:28  Assimilator  
  41  3:29  Probe (Chrono Boost)  
  41  3:30  Pylon  
  41  3:33  Probe (Chrono Boost)  
  46  3:41  Probe (Chrono Boost)  
  46  3:50  Probe (Chrono Boost)  
  46  3:54  Adept  
  46  3:55  Warp Prism (Chrono Boost)  
  49  3:59  Probe  
  52  4:06  Probe, Stargate  
  52  4:07  Stargate  
  53  4:19  Probe  
  53  4:20  Pylon  
  53  4:23  Pylon  
  54  4:36  Gateway  
  57  4:38  Probe x2  
  57  4:39  Gateway, Observer (Chrono Boost)  
  57  4:49  Adept  
  57  4:55  Pylon  
  57  4:57  Nexus  
  57  4:58  Oracle  
  62  5:08  Pylon  
  62  5:13  Oracle (Chrono Boost), Probe x2  
  67  5:35  Void Ray (Chrono Boost)  
  71  5:42  Probe  
  69  5:48  Void Ray (Chrono Boost)  
  70  5:53  Adept x3  
  74  6:10  Probe x2  
  76  6:13  Void Ray (Chrono Boost)  
  76  6:14  Assimilator  
  80  6:19  Assimilator  
  80  6:22  Immortal  
  80  6:24  Pylon  
  84  6:35  Probe x2  
  80  6:47  Probe  
  80  6:48  Probe  
  82  7:07  Zealot  
  84  7:12  Probe  
  84  7:13  Probe x2  
  87  7:24  Probe x2  
  87  7:25  Probe  
  87  7:26  Zealot x2  
  94  7:32  Void Ray (Chrono Boost)  
  94  7:34  Probe  
  94  7:36  Probe  
  100  7:38  Probe  
  100  7:40  Gateway x2  
  100  7:43  Gateway  
  101  8:04  Pylon  
  101  8:06  Pylon, Fleet Beacon  
  101  8:17  Probe  
  101  8:18  Robotics Bay, Probe  
  101  8:22  Probe  
  101  8:23  Void Ray (Chrono Boost)  
  106  8:27  Probe  
  106  8:29  Pylon  
  106  8:30  Probe  
  108  8:35  Probe  
  108  8:38  Probe  
  107  8:42  Probe  
  108  8:49  Void Ray (Chrono Boost)  
  108  8:51  Adept x2  
  108  8:52  Adept  
  118  8:58  Gateway  
  118  8:59  Stargate  
  118  9:00  Probe x2  
  120  9:12  Disruptor (Chrono Boost)  
  120  9:14  Adept  
  125  9:23  Pylon  
  125  9:25  Pylon  
  125  9:28  Pylon  
  125  9:30  Pylon  
  117  9:33  Carrier (Chrono Boost)  
  123  9:44  Zealot x5  
  123  9:45  Zealot  
  135  9:48  Carrier  
  141  10:10  Pylon  
  141  10:11  Probe x2, Pylon  
  141  10:12  Probe  
  141  10:13  Pylon  
  144  10:22  Probe  
  144  10:23  Probe  
  144  10:24  Probe  
  144  10:25  Disruptor (Chrono Boost)  
  150  10:30  Nexus  
  150  10:33  Assimilator  
  150  10:35  Probe  
  139  10:39  Carrier, Assimilator  
  139  10:42  Pylon  
  145  10:44  Pylon  
  145  10:57  Pylon  
  151  11:19  Adept x3  
  151  11:20  Adept x3  
  148  12:00  Adept x3  
  148  12:01  Adept, Zealot  
  153  12:02  Zealot  
  153  12:07  Forge  
Tags
 
Add a new tag
Caveats
  • Supply blocks, unpowered buildings, or Contaminate may cause inaccurate times.
  • Supply counts are checked every 10 seconds.